Description

blah

Replay - SM REPLAY

Build Order

Get SALT Encoding   

  13  0:02  Drone  
  13  0:13  Overlord  
  14  0:49  Drone x3  
  17  0:53  Action  Drone to Natural
  17  1:00  Hatchery  
  17  1:06  Extractor  
  17  1:17  Spawning Pool  
  18  1:27  Drone x2  
  19  1:44  Zergling, Overlord  Hotkey egg, to front
  21  1:55  Zergling  
  22  2:07  Drone  
  25  2:15  Queen  
  27  2:20  Queen  
  29  2:24  Zergling  
  30  2:28  Zergling  
  31  2:35  Drone  
  32  2:45  Drone  
  33  2:55  Drone  
  34  3:00  Queen  
  36  3:03  Queen  
  38  3:08  Zergling  
  39  3:13  Zergling  
  40  3:14  Action  Take Third Base
  42  3:19  Drone  
  43  3:25  Drone  
  44  3:34  Drone  
  45  3:40  Drone  
  46  3:45  Drone  
  47  3:50  Drone  
  48  3:55  Drone  
  49  4:00  Drone  
  50  4:01  Spore Crawler, Roach Warren, Evolution Chamber  In each mineral line (vs T, P)
  51  4:05  Drone  
  52  4:09  Drone  
  53  4:12  Drone  
  54  4:16  Drone  
  54  4:20  Lair  
  55  4:35  Drone  
  56  4:40  Drone  
  57  4:45  Drone  
  58  4:50  Drone  
  59  4:55  Drone  
  60  5:00  Drone  
  69  5:05  Drone  
  45  8:23  Spine Crawler x2  
  38  8:40  Queen x2  
  42  9:02  Spine Crawler  
  41  9:14  Spine Crawler  
  51  9:31  Zergling x4  
  60  10:24  Roach Warren  
  59  10:31  Lair x2  
  59  11:02  Baneling Nest  
  50  11:17  Ravager x8  
  76  12:19  Hydralisk Den  
  75  12:40  Zerg Melee Weapons Level 2  
  75  13:05  Extractor  
  74  13:15  Grooved Spines  
  76  13:20  Hydralisk x5  
  96  13:28  Ravager x2  
  100  13:48  Hatchery  
  71  14:33  Hatchery  
  68  14:45  Hydralisk x3  
  83  14:56  Zerg Ground Armor Level 2  
  91  15:20  Hydralisk x2  
  127  19:00  Hatchery  
Spawning Tool Build Advisor. Get it on Overwolf

Analysis

blah

Go to:

Details

  • Created by: frog77
  • Published on: Aug 30, 2020
  • Modified on: Aug 30, 2020
  • Patch: 4.11.0
  • Difficulty: Easy
Show
View Real Time Build Order
Export as new Build Order

Comments (0)

There are no comments. Be the first!

Create an account to comment!